 Dungeon Crawl Stone Soup version 0.32-a0-485-g70f7560b1c (webtiles) character file.

Game seed: 17515934919256084913

1869 ytrimaz the Covert (level 9, 0/53 HPs)
             Began as an Octopode Shapeshifter on Feb 27, 2024.
             Slain by Pikel
             ... wielding a +1 whip of freezing
              (9 damage)
             ... on level 5 of the Dungeon.
             The game lasted 00:07:42 (4431 turns).

ytrimaz the Covert (Octopode Shapeshifter)          Turns: 4431, Time: 00:07:42

Health: 0/53       AC:  1    Str: 13    XL:     9   Next: 13%
Magic:  9/9        EV: 13    Int: 16    God:
Gold:   1121       SH:  0    Dex: 12    Spells: 8/8 levels left

rFire   . .          .
                       - Unarmed
rCold   . . .        (no shield)
rNeg    . . .        (helmet currently unavailable)
rPois   .            (no amulet)
rElec   .            (no ring)
rCorr   .            (no ring)
SInv    .            (no ring)
Will    .....        (no ring)
Stlth   +++++        (no ring)
HPRegen 0.28/turn    (no ring)
MPRegen 0.11/turn    (no ring)
                     (no ring)

%: no passive effects
@: beast-form, studying Conjurations
A: beast (slay +4), almost no armour, amphibious, 8 rings, camouflage 1,
gelatinous body 1, (nimble swimmer 1), tentacles
a: Begin Untransformation


You were on level 5 of the Dungeon.
You were a hulking beast.
You visited 1 branch of the dungeon, and saw 5 of its levels.
You also visited: Sewer.

You collected 1121 gold pieces.


Innate Abilities, Weirdness & Mutations

You are a hulking beast.
Your limbs bulge with bestial killing power. (Slay +4)
You cannot wear most types of armour.
You are amphibious.
You can wear up to eight rings at the same time.
Your skin changes colour to match your surroundings (Stealth+).
Your rubbery body absorbs attacks. (AC +1, EV +1)
((You are camouflaged when in or above water. (Stealth+)))
You have tentacles for arms and can constrict up to eight enemies at once.


   Skills:
 - Level 1.0 Fighting
 - Level 2.0 Dodging
 - Level 9.0 Stealth
 + Level 6.3 Unarmed Combat
 + Level 5.3 Conjurations
 - Level 7.0 Shapeshifting


You had 8 spell levels left.
You didn't know any spells.
Your spell library contained the following spells:

 Spells                   Type           Power      Damage    Failure   Level
 Slow                     Hex            0%         N/A       26%         1
 Hailstorm                Conj/Ice       8%         3d5       26%         3
 Confusing Touch          Hex            0%         N/A       58%         3
 Fugue of the Fallen      Necr           0%         N/A       58%         3
 Gell's Gravitas          Tloc           0%         N/A       58%         3
 Ozocubu's Armour         Ice            0%         N/A       58%         3
 Sigil of Binding         Hex            0%         N/A       58%         3
 Summon Ice Beast         Ice/Summ       0%         N/A       58%         3
 Teleport Other           Tloc           0%         N/A       58%         3
 Vampiric Draining        Necr           0%         2d6       58%         3
 Manifold Assault         Tloc           0%         N/A       94%         4
 Dispersal                Tloc           0%         N/A       100%        6
 Sculpt Simulacrum        Ice/Alch       0%         N/A       100%        6

Inventory:

Hand Weapons
 e - a +2 short sword of venom
   (You took it off a kobold on level 2 of the Dungeon)
Missiles
 l - 2 throwing nets
Talismans
 b - a beast talisman (active)
 c - a flux talisman
Wands
 a - a wand of flame (18)
   (You found it on level 3 of the Dungeon)
 f - a wand of charming (8)
   (You took it off Ijyb on level 3 of the Dungeon)
 p - a wand of mindburst (5) (quivered)
   (You found it on level 4 of the Dungeon)
Scrolls
 h - a scroll of enchant armour {unknown}
 i - 3 scrolls of identify {unknown}
 j - 3 scrolls of fog {unknown}
 k - 4 scrolls of enchant weapon {unknown}
 q - a scroll of blinking {unknown}
 r - a scroll of vulnerability {unknown}
Potions
 g - a potion of cancellation {unknown}
 m - 2 potions of curing {unknown}
 n - a potion of attraction {unknown}
 o - a potion of ambrosia {unknown}

Dungeon Overview and Level Annotations

Branches:
Dungeon (5/15) Zot: 25726   Sewer (visited)
 Temple: D:4-7

Altars:
Dithmenos
Elyvilon
Fedhas
Gozag
Makhleb
Nemelex Xobeh
Ru
Trog
Vehumet

Annotations:
D:5 Pikel

..# #5.# ..^# !. #..# #..
#. #######B.# .# ..
.".......# . #######<## .#
#.# .# ###5### #.. .
#.K...# #.#. . ###h#.#.##
#... # #........# ##. #
############.#.#####.# .
###.............##).)## .#
.##.#####..####.'.....#
......)...##..###.....# #
.##.#####.#....##.....#.##
###.# #.#)...'#'...##..
###.# #.##..##)#####.#


You could see Pikel and a lemure.


Message History

There is an open door here.
Things that are here:
a +0 sling; a +0 flail; 6 stones
There is an open door here.
You pick up a book of Battle and begin reading...
You add the spells Fugue of the Fallen, Ozocubu's Armour and Manifold Assault to your library. 😎 HP[+9]
Your hp is fully restored (53).
There is an open door here.
Things that are here:
a +0 sling; a +0 flail; 6 stones
There is an open door here.
An iguana comes into view.
An iguana is nearby!
An iguana is nearby!
An iguana is nearby!
No target in view!
No target in view!
No target in view!
There is an open door here. 2 lemures come into view.
The lemure moves out of view.
The iguana bites you. 😕 HP[-1]
You take 1 damage, and now have 52/53 hp.
Pikel shouts!
You bludgeon the iguana! You grab the iguana.
You squeeze the iguana, but do no damage.
You constrict the iguana.
You hear a shout!
The iguana barely misses you.
Pikel says, "Antaeus said I was his favorite kobold.
Me!"
You hear a shout!
You bludgeon the iguana!
You kill the iguana!
Training target 7.0 for Shapeshifting reached!
Your Shapeshifting skill increases to level 7!
You closely miss the lemure. You grab the lemure. You squeeze the lemure!
You constrict the lemure, but do no damage.
The lemure barely misses you.
You tentacle-slap the lemure. You constrict the lemure.
The lemure misses you. 😎 HP[+1]
Your hp is fully restored (53).
Unknown command.
You barely miss the lemure.
You constrict the lemure, but do no damage.
The lemure hits you. 😕 HP[-6]
You take 6 damage, and now have 47/53 hp.
Unknown command.
You bludgeon the lemure! You squeeze the lemure.
You kill the lemure!
That felt strangely unrewarding.
Unknown command.
You closely miss Pikel. Your grab misses Pikel.
You squeeze Pikel, but do no damage.
Pikel hits you with a +1 whip of freezing.
Pikel freezes you. 😮 HP[-8]
You take 8 damage, and now have 39/53 hp.
You bludgeon Pikel! Your grab misses Pikel.
Pikel hits you with a +1 whip of freezing.
Pikel freezes you. 😮 HP[-6]
You take 6 damage, and now have 33/53 hp.
Unknown command.
You tentacle-slap Pikel. You grab Pikel. You tentacle-slap Pikel.
You squeeze Pikel! You constrict Pikel, but do no damage.
Pikel hits you with a +1 whip of freezing!
* * * LOW HITPOINT WARNING * * *
Pikel freezes you.
* * * LOW HITPOINT WARNING * * *
😨 HP[-15]
You take 15 damage, and now have 18/53 hp.
MASSIVE DAMAGE!! (PAUSE)
You tentacle-slap Pikel but do no damage.
You constrict Pikel.
Pikel hits you with a +1 whip of freezing.
* * * LOW HITPOINT WARNING * * *
Pikel freezes you.
* * * LOW HITPOINT WARNING * * *
Unknown command. 😱 HP[-7]
You take 7 damage, and now have 11/53 hp.
The lemure shouts!
You tentacle-slap Pikel but do no damage.
You squeeze Pikel, but do no damage. You constrict Pikel, but do no damage.
You hear a bark!
Pikel hits you with a +1 whip of freezing.
* * * LOW HITPOINT WARNING * * *
Pikel freezes you.
* * * LOW HITPOINT WARNING * * *
Unknown command. 😱 HP[-3]
You take 3 damage, and now have 8/53 hp.
Unknown command.
You tentacle-slap Pikel. You squeeze Pikel. You constrict Pikel.
Pikel hits you with a +1 whip of freezing!
You die...
Pikel says, "See you in Hell!"

Skill      XL: |  1  2  3  4  5  6  7  8  9 |
---------------+----------------------------+-----
Stealth        | 2 3 5 6 9 |  9.0
Shapeshifting  | 4 5 6 7 |  7.0
Unarmed Combat | 4 6 |  6.3
Conjurations   | 4 5 |  5.3
Fighting       | |  1.0
Dodging        | |  2.0

Action                     |  1- 3 |  4- 6 |  7- 9 || total
---------------------------+-------+-------+-------++-------
  Melee: Unarmed           |    31 |       |    64 ||    95
         Tentacles         |     7 |     9 |    27 ||    43
         Constrict         |    13 |    15 |    20 ||    48
         Short sword       |    17 |    76 |    53 ||   146
         Punch             |       |       |     4 ||     4
  Evoke: Wand              |       |       |    15 ||    15
    Use: Scroll            |       |     1 |     2 ||     3
         Potion            |       |     4 |     2 ||     6
   Stab: Sleeping          |    10 |     7 |     8 ||    25
         Distracted        |     1 |       |       ||     1
 Armour: Skin              |    11 |    46 |    62 ||   119
  Dodge: Dodged            |    30 |    31 |    64 ||   125

Levels and vault maps discovered:
D:1:      mrwooster_arrival_statue_2, layout_basic
D:2:      minmay_skewed_foursquare, layout_loops_cross, basic_altar,
          shapermc_ecumenical_altar_acropolis, uniq_terence
D:3:      layout_rooms, mainiacjoe_overflow_small_starburst,
          mainiacjoe_overflow_swirl, uniq_ijyb, uniq_sigmund, uniq_grinder,
          uniq_robin
D:4:      layout_rooms, minitemple, gup_sewer_entry_glass, uniq_menkaure
D:5:      layout_loops_ring, makhleb_altar_promises_db, serial_shops,
          nicolae_shop_pleasant_corner_grove, hangedman_decor_lopped,
          minmay_joined_circles, uniq_edmund, uniq_pikel

Notes
Turn   | Place    | Note
-------+----------+-------------------------------------------
     0 | D:1      | ytrimaz the Octopode Shapeshifter began the quest for the
                  | Orb.
     0 | D:1      | Reached XP level 1. HP: 13/13 MP: 1/1
     0 | D:1      | magus.rc [v1.9.6]
    83 | D:1      | Reached skill level 1 in Stealth
   152 | D:1      | Reached skill level 2 in Stealth
   359 | D:1      | Reached XP level 2. HP: 17/18 MP: 2/2
   498 | D:1      | Reached skill level 3 in Stealth
   577 | D:1      | Reached XP level 3. HP: 23/23 MP: 3/3
   588 | D:1      | Reached skill level 4 in Stealth
   913 | D:2      | You pick up a book of the Tundra and begin reading...
   913 | D:2      | You add the spells Hailstorm, Summon Ice Beast and Sculpt
                  | Simulacrum to your library.
   917 | D:2      | You pick up a book of Debilitation and begin reading...
   917 | D:2      | You add the spells Slow, Sigil of Binding, Vampiric
                  | Draining and Confusing Touch to your library.
  1113 | D:2      | Reached skill level 5 in Stealth
  1244 | D:2      | Reached XP level 4. HP: 28/28 MP: 4/4
  1349 | D:2      | Noticed Terence
  1359 | D:2      | Killed Terence
  1564 | D:2      | Reached skill level 6 in Stealth
  1601 | D:2      | Found a faded altar of an unknown god.
  1623 | D:2      | Found an opulent altar of Gozag.
  1784 | D:2      | Identified a scroll of acquirement
  1848 | D:3      | Noticed Ijyb
  1871 | D:3      | Killed Ijyb
  1872 | D:3      | Reached XP level 5. HP: 11/33 MP: 5/5
  2012 | D:3      | Found a sacrificial altar of Ru.
  2035 | D:3      | Reached skill level 7 in Stealth
  2043 | D:3      | HP: 6/33 [gnoll/+0 flail (10)]
  2205 | D:3      | Noticed Robin
  2219 | D:3      | Killed Robin
  2246 | D:3      | Noticed Sigmund
  2260 | D:3      | Killed Sigmund
  2261 | D:3      | Reached skill level 9 in Stealth
  2261 | D:3      | Reached XP level 6. HP: 38/38 MP: 6/6
  2362 | D:3      | Noticed Grinder
  2383 | D:3      | Killed Grinder
  2384 | D:3      | Reached skill level 4 in Shapeshifting
  2384 | D:3      | Reached XP level 7. HP: 29/43 MP: 7/7
  2501 | D:3      | You add the spells Gell's Gravitas, Teleport Other and
                  | Dispersal to your library.
  2575 | D:3      | Found a blossoming altar of Fedhas.
  2633 | D:3      | Found a shadowy altar of Dithmenos.
  2676 | D:4      | Found a glowing drain.
  2709 | Sewer    | Entered a sewer
  2734 | Sewer    | Reached skill level 5 in Shapeshifting
  2905 | D:4      | Reached skill level 4 in Unarmed Combat
  2923 | D:4      | Reached XP level 8. HP: 19/48 MP: 8/8
  3043 | D:4      | Found a radiant altar of Vehumet.
  3043 | D:4      | Found a bloodstained altar of Trog.
  3044 | D:4      | Found a white marble altar of Elyvilon.
  3048 | D:4      | Found a sparkling altar of Nemelex Xobeh.
  3089 | D:4      | Noticed Menkaure
  3121 | D:4      | Killed Menkaure
  3125 | D:4      | Reached skill level 6 in Shapeshifting
  3125 | D:4      | HP: 18/72 [poisoned by a scorpion]
  3130 | D:4      | HP: 7/48 [poisoned by a scorpion]
  3347 | D:4      | Acquired 829 gold pieces
  3349 | D:4      | Acquired a manual of Conjurations
  3378 | D:4      | Reached skill level 5 in Unarmed Combat
  3504 | D:5      | Entered Level 5 of the Dungeon
  3505 | D:5      | Noticed Pikel
  3547 | D:5      | Reached skill level 1 in Conjurations
  3663 | D:5      | Found a burning altar of Makhleb.
  3663 | D:5      | Noticed a green death
  3697 | D:5      | Reached skill level 2 in Conjurations
  3829 | D:5      | Noticed Edmund
  3833 | D:5      | Killed Edmund
  3834 | D:5      | Reached skill level 3 in Conjurations
  3967 | D:5      | HP: 5/48 [water moccasin (8)]
  3969 | D:5      | Reached skill level 4 in Conjurations
  3972 | D:5      | HP: 12/48 [poisoned by a water moccasin]
  4085 | D:5      | Reached skill level 6 in Unarmed Combat
  4085 | D:5      | Reached XP level 9. HP: 42/53 MP: 9/9
  4206 | D:5      | Reached skill level 5 in Conjurations
  4406 | D:5      | You pick up a book of Battle and begin reading...
  4406 | D:5      | You add the spells Fugue of the Fallen, Ozocubu's Armour
                  | and Manifold Assault to your library.
  4422 | D:5      | Reached skill level 7 in Shapeshifting
  4429 | D:5      | HP: 13/53 [Pikel/+1 whip of freezing (5)]
  4431 | D:5      | Slain by Pikel

Vanquished Creatures
  Grinder (D:3)
  Sigmund (D:3)
  Menkaure (D:4)
  Edmund (D:5)
  A water moccasin (D:5)
  A crocodile (Sewer)
  A lemure (D:5)
  5 phantoms
  A brain worm (Sewer)
  4 scorpions
  A howler monkey (D:5)
  2 hounds
  An orc priest (D:5)
  Ijyb (D:3)
  Terence (D:2)
  2 iguanas
  Robin (D:3)
  4 gnolls
  4 adders
  4 dart slugs
  2 ribbon worms
  5 orcs (D:5)
  4 endoplasms
  4 giant cockroaches
  16 goblins
  3 hobgoblins
  2 quokkas
  11 ball pythons
  9 bats
  5 frilled lizards
  6 kobolds
  5 rats
110 creatures vanquished.

Vanquished Creatures (collateral kills)
  An adder (D:4)
  An orc (D:4)
  3 endoplasms (D:4)
5 creatures vanquished.

Grand Total: 115 creatures vanquished

Table legend:
 A = Non-vault XP
 B = Vault XP
 C = Vault XP percentage of total XP
 D = Non-vault monster count
 E = Vault monster count
 F = Vault count percentage of total count
                 A         B        C        D         E       F
            +---------+---------+-------+---------+---------+-------
      Total |    1245 |    1426 |  53.4 |      81 |      33 |  28.9
            +---------+---------+-------+---------+---------+-------
        D:1 |      48 |       0 |   0.0 |      23 |       0 |   0.0
        D:2 |      37 |      47 |  56.0 |      13 |       6 |  31.6
        D:3 |      67 |     589 |  89.8 |      15 |      12 |  44.4
        D:4 |     367 |     176 |  32.4 |      17 |       3 |  15.0
        D:5 |     726 |     398 |  35.4 |      13 |       6 |  31.6
      Sewer |       0 |     216 | 100.0 |       0 |       6 | 100.0
            +---------+---------+-------+---------+---------+-------

Skill      XL: |  1  2  3  4  5  6  7  8  9 |
---------------+----------------------------+-----
Stealth        | 2 3 5 6 9 |  9.0
Shapeshifting  | 4 5 6 7 |  7.0
Unarmed Combat | 4 6 |  6.3
Conjurations   | 4 5 |  5.3
Fighting       | |  1.0
Dodging        | |  2.0

Action                     |  1- 3 |  4- 6 |  7- 9 || total
---------------------------+-------+-------+-------++-------
  Melee: Unarmed           |    31 |       |    64 ||    95
         Tentacles         |     7 |     9 |    27 ||    43
         Constrict         |    13 |    15 |    20 ||    48
         Short sword       |    17 |    76 |    53 ||   146
         Punch             |       |       |     4 ||     4
  Evoke: Wand              |       |       |    15 ||    15
    Use: Scroll            |       |     1 |     2 ||     3
         Potion            |       |     4 |     2 ||     6
   Stab: Sleeping          |    10 |     7 |     8 ||    25
         Distracted        |     1 |       |       ||     1
 Armour: Skin              |    11 |    46 |    62 ||   119
  Dodge: Dodged            |    30 |    31 |    64 ||   125

Illustrated notes

Table legend:
 A = Kills in this place as a percentage of kills in the entire game.
 B = Kills by you in this place as a percentage of kills by you in the entire game.
 C = Kills by friends in this place as a percentage of kills by friends in the entire game.
 D = Other kills in this place as a percentage of other kills in the entire game.
 E = Experience gained in this place as a percentage of experience gained in the entire game.
 F = Experience gained in this place divided by the number of levels of this place that you have seen.
                   A       B       C       D       E      F
               +-------+-------+-------+-------+-------+----------------------
         Total | 100.0 | 100.0 | 100.0 |   N/A | 100.0 | 445.2
       Dungeon |  94.7 |  94.5 | 100.0 |   N/A |  91.9 | 491.0
         Sewer |   5.3 |   5.5 |   0.0 |   N/A |   8.1 | 216.0
               +-------+-------+-------+-------+-------+----------------------

Table legend: (Time is in decaauts)
 A = Elapsed time spent in this place.
 B = Non-inter-level travel time spent in this place.
 C = Inter-level travel time spent in this place.
 D = Time resting spent in this place.
 E = Time spent auto-exploring this place.
 F = Levels seen in this place.
 G = Mean time per level.
                   A        B        C        D        E       F      G
               +--------+--------+--------+--------+--------+-----+--------+
         Total |   4430 |   4299 |    131 |    217 |   3127 |   6 |  738.3 |
       Dungeon |   4272 |   4141 |    131 |    217 |   3027 |   5 |  854.4 |
         Sewer |    157 |    157 |      0 |      0 |    100 |   1 |  157.0 |
               +--------+--------+--------+--------+--------+-----+--------+

Top non-repeatable levels by time:
     D:1: 900 daAuts
     D:2: 894 daAuts
     D:5: 885 daAuts
     D:3: 859 daAuts
     D:4: 733 daAuts
   Sewer: 157 daAuts
